 Dungeon Crawl Stone Soup version 0.27-a0-1500-g450c7e4133 (webtiles) character file.

Game seed: 4639640183625117465

85 Gwenloh the Ducker (level 4, -14/19 HPs)
             Began as a Spriggan Warper on July 7, 2021.
             Was a Follower of Hepliaklqana.
             Killed from afar by Pikel (21 damage)
             ... with an iceblast
             ... on level 5 of the Dungeon.
             The game lasted 00:17:04 (4005 turns).

Gwenloh the Ducker (Spriggan Warper)                Turns: 4005, Time: 00:17:05

Health: -14/19     AC:  2    Str:  7    XL:     4   Next: 25%
Magic:  1/9        EV: 19    Int: 14    God:    Hepliaklqana [*.....]
Gold:   64         SH:  0    Dex: 15    Spells: 6/8 levels left

rFire    . . .     SeeInvis +   n - +0 dagger
rCold    . . .     Faith    .   (shield restricted)
rNeg     . . .     Spirit   .   b - +0 robe
rPois    .         Reflect  .   (helmet restricted)
rElec    .         Harm     .   (no cloak)
rCorr    .         Rampage  .   (gloves unavailable)
Will     .....                  (boots unavailable)
Stlth    +++.......             (no amulet)
HPRegen  0.06/turn              (no ring)
MPRegen  0.11/turn              (no ring)

@: very quick
A: reduced essence, very small, no large weapons, unfitting armour, see
invisible, speed 3
a: Renounce Religion, Recall Ancestor, Ancestor Identity


You were on level 5 of the Dungeon.
You worshipped Hepliaklqana.
Hepliaklqana was aware of your devotion.
You visited 1 branch of the dungeon, and saw 5 of its levels.

You collected 64 gold pieces.

Inventory:

Hand Weapons
 a - a +0 short sword
 n - a +0 dagger (weapon)
Missiles
 d - 5 boomerangs of dispersal
 g - 89 arrows
 i - 115 stones
 j - 19 boomerangs (quivered)
 m - 34 sling bullets
 u - 2 throwing nets
Armour
 b - a +0 robe (worn)
Wands
 o - a wand of iceblast (5)
 v - a wand of flame (13)
Scrolls
 c - 2 scrolls of blinking
 f - 2 scrolls of identify {unknown}
 h - 2 scrolls of enchant armour {unknown}
 k - 3 scrolls of fear {unknown}
 l - a scroll of brand weapon {unknown}
 p - a scroll of noise {unknown}
 q - a scroll of immolation {unknown}
 s - 3 scrolls of fog {unknown}
 w - a scroll of holy word {unknown}
Potions
 e - 2 potions of curing {unknown}
 r - a potion of might {unknown}
 t - a potion of cancellation {unknown}
 x - 2 potions of heal wounds {unknown}
 z - a potion of berserk rage {unknown}


   Skills:
 - Level 1.5 Fighting
 + Level 3.0 Short Blades
 - Level 1.0 Throwing
 * Level 4.7 Dodging
 * Level 3.7 Stealth
 - Level 2.6 Spellcasting
 - Level 4.4 Translocations


You had 6 spell levels left.
You knew the following spells:

 Your Spells              Type           Power      Damage    Failure   Level
a - Blink                 Tloc           N/A        N/A       5%          2

Your spell library contained the following spells:

 Spells                   Type           Power      Damage    Failure   Level
 Gell's Gravitas          Tloc           7%         N/A       11%         3
 Lesser Beckoning         Tloc           7%         N/A       11%         3
 Teleport Other           Tloc           14%        N/A       11%         3
 Shock                    Conj/Air       4%         1d3       22%         1
 Static Discharge         Conj/Air       1%         N/A       32%         2
 Swiftness                Air            1%         N/A       54%         3
 Manifold Assault         Tloc           14%        N/A       71%         5
 Airstrike                Air            0%         N/A       91%         4
 Dispel Undead            Necr           1%         3d6       91%         4
 Sticky Flame             Conj/Fire      1%         2d3       91%         4


Dungeon Overview and Level Annotations

Branches:
Dungeon (4/15)
 Temple: D:4-7

Altars:
Hepliaklqana

Annotations:
D:4 Dowan, Duvessa
D:5 Pikel


Innate Abilities, Weirdness & Mutations

Your life essence is reduced to manifest your ancestor. (-10% HP)
You are very small and have problems with some larger weapons.
You are too small for most types of armour.
You have supernaturally acute eyesight. (SInv)
You cover ground extremely quickly. (Speed+++)


Message History

Hepliaklqana forms a fragment of your life essence into the memory of your ancestor, Fikile!
You can now recall your ancestor.
You can now remember your ancestor's identity.
You see here a cyan potion.
You swap places.
Fikile barely misses the ogre.
The ogre barely misses Fikile.
Fikile hits the ogre.
You see here 7 boomerangs.
j - 19 boomerangs (gained 7)
The ogre hits Fikile with a +0 giant spiked club!
Fikile is destroyed!
Okay, then.
Okay, then.
Okay, then.
Found an encrusted trident.
The quokka barely misses you.
You hit the quokka.
The quokka is lightly wounded.
The quokka misses you.
You hit the quokka but do no damage.
The quokka is lightly wounded.
The quokka barely misses you.
You hit the quokka.
The quokka is moderately wounded.
The quokka misses you.
Casting: Blink (safe; 5% risk of failure)
Confirm with . or Enter, or press ? or * to list all spells.
You blink.
Casting: Blink (safe; 5% risk of failure)
Confirm with . or Enter, or press ? or * to list all spells.
You blink.
Casting: Blink (safe; 5% risk of failure)
Confirm with . or Enter, or press ? or * to list all spells.
You blink.
Casting: Blink (safe; 5% risk of failure)
Confirm with . or Enter, or press ? or * to list all spells.
You blink.
The quokka completely misses you.
Pikel zaps a wand.
The mass of ice explodes!
The iceblast engulfs you!!
Ouch! That really hurt!
You die...

#....O.....#
#..........#
#..........#
#######.##5######.
#.##........
#...K)......
####.######.
########K#
#..§.r@..#
########§# #.# #.#
#.# #.# #.# #.#
###


You could see Pikel and a quokka.

Vanquished Creatures
  A hound (D:4)
  An adder (D:2)
  A worm (D:3)
  An orc (D:3)
  3 endoplasms
  2 giant cockroaches
  4 hobgoblins
  3 jackals (D:2)
  2 kobolds
  2 quokkas
  6 ball pythons
  3 bats
  6 frilled lizards
  A goblin (D:2)
  4 rats
40 creatures vanquished.

Vanquished Creatures (others)
  An ancestor (D:5)
1 creature vanquished.

Grand Total: 41 creatures vanquished

Notes
Turn   | Place    | Note
-------+----------+-------------------------------------------
     0 | D:1      | Gwenloh the Spriggan Warper began the quest for the Orb.
     0 | D:1      | Reached XP level 1. HP: 10/10 MP: 5/5
   639 | D:1      | Reached skill level 1 in Stealth
   705 | D:1      | Found a faded altar of an unknown god.
   936 | D:1      | Reached XP level 2. HP: 11/14 MP: 6/6
  1010 | D:1      | Learned a level 2 spell: Blink
  2256 | D:2      | Found a hazy altar of Hepliaklqana.
  3004 | D:2      | Reached XP level 3. HP: 18/18 MP: 8/8
  3214 | D:2      | Became a worshipper of Hepliaklqana the Forgotten
  3875 | D:4      | Reached XP level 4. HP: 22/22 MP: 9/9
  3893 | D:4      | Noticed Duvessa
  3893 | D:4      | Noticed Dowan
  3956 | D:4      | You fall into a shaft and drop 1 floor!
  3956 | D:5      | Entered Level 5 of the Dungeon
  3956 | D:5      | Noticed Pikel
  3956 | D:5      | Noticed a lemure
  3956 | D:5      | Noticed a lemure
  3956 | D:5      | Noticed a lemure
  3957 | D:5      | Noticed a lemure
  3961 | D:5      | Noticed an ogre
  3965 | D:5      | Reached * piety under Hepliaklqana
  4005 | D:5      | Killed from afar by Pikel

Illustrated notes

Levels and vault maps discovered:
D:1:      scummos_arrival_star, layout_loops_ring,
          shapermc_ecumenical_altar_starsandcircs
D:2:      minmay_inner_zag, layout_basic, basic_altar
D:3:      layout_rooms
D:4:      layout_basic, minmay_temple_entry_nine_rooms, serial_shops, shop,
          minmay_fountain_box, uniq_duvessa
D:5:      layout_basic, gup_sewer_entry_pipe, uniq_pikel

Skill      XL: |  1  2  3 |
---------------+----------+-----
Stealth        | 1 2 3 |  3.7
Dodging        | 4 |  4.7
Short Blades   | 3 |  3.0
Fighting       | |  1.5
Throwing       | |  1.0
Spellcasting   | |  2.6
Translocations | |  4.4

Action                   |  1- 3 |  4- 6 || total
-------------------------+-------+-------++-------
Melee: Short sword       |    71 |       ||    71
       Dagger            |    90 |     3 ||    93
Throw: Boomerang         |    35 |       ||    35
 Cast: Blink             |     1 |     4 ||     5
 Stab: Sleeping          |    12 |       ||    12
Armor: Robe              |    15 |       ||    15
Dodge: Dodged            |   104 |     5 ||   109

Table legend: (Time is in decaauts)
 A = Elapsed time spent in this place.
 B = Non-inter-level travel time spent in this place.
 C = Inter-level travel time spent in this place.
 D = Time resting spent in this place.
 E = Time spent auto-exploring this place.
 F = Levels seen in this place.
 G = Mean time per level.
                   A        B        C        D        E       F      G
               +--------+--------+--------+--------+--------+-----+--------+
         Total |   3129 |   3066 |     63 |   1471 |    589 |   5 |  625.8 |
       Dungeon |   3129 |   3066 |     63 |   1471 |    589 |   5 |  625.8 |
               +--------+--------+--------+--------+--------+-----+--------+

Top non-repeatable levels by time:
     D:1: 1811 daAuts
     D:2: 765 daAuts
     D:3: 467 daAuts
     D:4: 52 daAuts
     D:5: 31 daAuts
